TOP OF THE 1ST |
San Jose Giants batting - Pitching for Pensacola Blue Wahoos : RHP Kevin Nabity
|
Pitching: RHP Kevin Nabity
|
|
Batting: RHB Tyler Mapes
|
0-0: Ball 1-0: Called Strike 1-1: Ball 2-1: Foul Ball, location: 2F 2-2: Ball 3-2: Ground out 6-3 (Groundball, 6M, EV 88.8 MPH)
|
Batting: LHB Josh Straub
|
0-0: Ball 1-0: Ball 2-0: Called Strike 2-1: Bunt missed! 2-2: Ball 3-2: Fly out, F7 (Flyball, 7D, EV 90.6 MPH)
|
Batting: RHB Tade Post
|
0-0: Ball 1-0: Ball 2-0: Ball 3-0: Called Strike 3-1: Foul Ball, location: 2F 3-2: DOUBLE (Line Drive, 9LM, EV 111.9 MPH)
|
Batting: RHB Adam Solesbee
|
0-0: Called Strike 0-1: Ball 1-1: Ball 2-1: Foul Ball, location: 2F 2-2: Strikes out swinging
|
Top of the 1st over - 0 runs, 1 hit, 0 errors, 1 left on base; San Jose 0 - Pensacola 0 |
BOTTOM OF THE 1ST |
Pensacola Blue Wahoos batting - Pitching for San Jose Giants : RHP Cesar Rivera
|
Pitching: RHP Cesar Rivera
|
|
Batting: RHB Solange Le Coq
|
0-0: Ball 1-0: Foul Ball, location: 2F 1-1: Swinging Strike 1-2: Strikes out swinging
|
Batting: RHB Pedro Pinero
|
0-0: Ball 1-0: Ball 2-0: Swinging Strike 2-1: Called Strike 2-2: Foul Ball, location: 2F 2-2: Strikes out swinging
|
Batting: LHB Steven Wamble
|
0-0: Called Strike 0-1: Ball 1-1: Ground out 4-3 (Groundball, 4, EV 81.3 MPH)
|
Bottom of the 1st over - 0 runs, 0 hits, 0 errors, 0 left on base; San Jose 0 - Pensacola 0 |
TOP OF THE 2ND |
San Jose Giants batting - Pitching for Pensacola Blue Wahoos : RHP Kevin Nabity
|
Batting: LHB James Wheaton
|
0-0: Called Strike 0-1: Ground out 5-3 (Groundball, 56S, EV 89.4 MPH)
|
Batting: LHB Tony Galvan
|
0-0: Foul Ball, location: 2F 0-1: Fly out, F8 (Line Drive, 8LM, EV 92.5 MPH)
|
Batting: RHB Jack Toole
|
0-0: Foul Ball, location: 2F 0-1: Swinging Strike 0-2: Ball 1-2: Fly out, F3 (Flyball, 3D, EV 95.0 MPH)
|
Top of the 2nd over - 0 runs, 0 hits, 0 errors, 0 left on base; San Jose 0 - Pensacola 0 |
BOTTOM OF THE 2ND |
Pensacola Blue Wahoos batting - Pitching for San Jose Giants : RHP Cesar Rivera
|
Batting: RHB Jon Marquez
|
0-0: Called Strike 0-1: Ball 1-1: Ball 2-1: Swinging Strike 2-2: Strikes out swinging
|
Batting: SHB Jared Thomas
|
0-0: Called Strike 0-1: Ball 1-1: Fly out, F7 (Flyball, 78M, EV 84.4 MPH)
|
Batting: RHB Danny Powell
|
0-0: Ball 1-0: Ball 2-0: Ball 3-0: Base on Balls
|
Batting: RHB Chris Holland
|
0-0: Ball Danny Powell steals 2nd, throwing error, E2 Danny Powell to third 1-0: Ball 2-0: Ground out 1-3 (Groundball, 13S, EV 64.4 MPH)
|
Bottom of the 2nd over - 0 runs, 0 hits, 1 error, 1 left on base; San Jose 0 - Pensacola 0 |
TOP OF THE 3RD |
San Jose Giants batting - Pitching for Pensacola Blue Wahoos : RHP Kevin Nabity
|
Batting: RHB Omar Jordan
|
0-0: Foul Ball, location: 2F 0-1: Ball 1-1: Ball 2-1: Ground out 6-3 (Groundball, 6S, EV 75.0 MPH)
|
Batting: RHB Mike Jones
|
0-0: Ball 1-0: Called Strike 1-1: Ball 2-1: Ball 3-1: Foul Ball, location: 2F 3-2: SINGLE (Groundball, 4MD, EV 103.1 MPH)
|
Batting: RHB Tyler Mapes
|
0-0: Ball 1-0: SINGLE (Flyball, 3D, EV 96.9 MPH) Mike Jones to second
|
Batting: LHB Josh Straub
|
0-0: Grounds into double play, 6-4-3 (Groundball, 6, EV 93.8 MPH)
|
Top of the 3rd over - 0 runs, 2 hits, 0 errors, 1 left on base; San Jose 0 - Pensacola 0 |
BOTTOM OF THE 3RD |
Pensacola Blue Wahoos batting - Pitching for San Jose Giants : RHP Cesar Rivera
|
Batting: RHB Jose Caraballo
|
0-0: Swinging Strike 0-1: Called Strike 0-2: Foul Ball, location: 2F 0-2: Foul Ball, location: 2F 0-2: Fly out, F8 (Flyball, 78XD, EV 108.8 MPH)
|
Batting: LHB James Himes
|
0-0: Fly out, F9 (Flyball, 9, EV 91.3 MPH)
|
Batting: RHB Solange Le Coq
|
0-0: Ball 1-0: Ground out U3 (Groundball, 13, EV 92.5 MPH)
|
Bottom of the 3rd over - 0 runs, 0 hits, 0 errors, 0 left on base; San Jose 0 - Pensacola 0 |
TOP OF THE 4TH |
San Jose Giants batting - Pitching for Pensacola Blue Wahoos : RHP Kevin Nabity
|
Batting: RHB Tade Post
|
0-0: Called Strike 0-1: Swinging Strike 0-2: Ball 1-2: Strikes out looking
|
Batting: RHB Adam Solesbee
|
0-0: Ball 1-0: Foul Ball, location: 2F 1-1: Ball 2-1: Foul Ball, location: 2F 2-2: Ground out 6-3 (Groundball, 6, EV 86.3 MPH)
|
Batting: LHB James Wheaton
|
0-0: Ball 1-0: Fly out, F7 (Line Drive, 7, EV 84.4 MPH)
|
Top of the 4th over - 0 runs, 0 hits, 0 errors, 0 left on base; San Jose 0 - Pensacola 0 |
BOTTOM OF THE 4TH |
Pensacola Blue Wahoos batting - Pitching for San Jose Giants : RHP Cesar Rivera
|
Batting: RHB Pedro Pinero
|
0-0: Foul Ball, location: 2F 0-1: Called Strike 0-2: Strikes out swinging
|
Batting: LHB Steven Wamble
|
0-0: Foul Ball, location: 2F 0-1: Swinging Strike 0-2: Foul Ball, location: 2F 0-2: Foul Ball, location: 2F 0-2: Strikes out swinging
|
Batting: RHB Jon Marquez
|
0-0: Ball 1-0: SINGLE (Groundball, 6MD, EV 102.5 MPH)
|
Batting: SHB Jared Thomas
|
0-0: Called Strike 0-1: Ball 1-1: Ball 2-1: Ball 3-1: Foul Ball, location: 2F 3-2: Base on Balls Jon Marquez to second
|
Batting: RHB Danny Powell
|
0-0: Ball 1-0: Foul Ball, location: 2F 1-1: Ball 2-1: Swinging Strike 2-2: Strikes out swinging
|
Bottom of the 4th over - 0 runs, 1 hit, 0 errors, 2 left on base; San Jose 0 - Pensacola 0 |
TOP OF THE 5TH |
San Jose Giants batting - Pitching for Pensacola Blue Wahoos : RHP Kevin Nabity
|
Batting: LHB Tony Galvan
|
0-0: Called Strike 0-1: Ground out 5-3 (Groundball, 56, EV 88.1 MPH)
|
Batting: RHB Jack Toole
|
0-0: Ball 1-0: Ball 2-0: Called Strike 2-1: Foul Ball, location: 2F 2-2: Foul Ball, location: 2F 2-2: Ball 3-2: SOLO HOME RUN (Flyball, 7D, EV 95.0 MPH), Distance : 372 ft
|
Batting: RHB Omar Jordan
|
0-0: Ball 1-0: Called Strike 1-1: Foul Ball, location: 2F 1-2: Foul Ball, location: 2F 1-2: Ball 2-2: Ground out U3 (Groundball, 34S, EV 84.4 MPH)
|
Batting: RHB Mike Jones
|
0-0: Ball 1-0: Ball 2-0: Ball 3-0: Base on Balls
|
Batting: RHB Tyler Mapes
|
0-0: Swinging Strike 0-1: Ball 1-1: Foul Ball, location: 2F 1-2: Strikes out looking
|
Top of the 5th over - 1 run, 1 hit, 0 errors, 1 left on base; San Jose 1 - Pensacola 0 |
BOTTOM OF THE 5TH |
Pensacola Blue Wahoos batting - Pitching for San Jose Giants : RHP Cesar Rivera
|
Batting: RHB Chris Holland
|
0-0: Called Strike 0-1: Ball 1-1: Foul Ball, location: 2F 1-2: Ground out 6-3 (Groundball, 6, EV 85.0 MPH)
|
Batting: RHB Jose Caraballo
|
0-0: Ball 1-0: Foul Ball, location: 2F 1-1: Swinging Strike 1-2: Ball 2-2: Fly out, F9 (Flyball, 8RS, EV 85.6 MPH)
|
Batting: LHB James Himes
|
0-0: Ball 1-0: Foul Ball, location: 2F 1-1: Foul Ball, location: 2F 1-2: Foul Ball, location: 2F 1-2: Ground out 5-3 (Groundball, 5, EV 107.5 MPH)
|
Bottom of the 5th over - 0 runs, 0 hits, 0 errors, 0 left on base; San Jose 1 - Pensacola 0 |
TOP OF THE 6TH |
San Jose Giants batting - Pitching for Pensacola Blue Wahoos : RHP Kevin Nabity
|
Batting: LHB Josh Straub
|
0-0: Foul Ball, location: 2F 0-1: Ground out 4-3 (Groundball, 4, EV 83.8 MPH)
|
Batting: RHB Tade Post
|
0-0: Ball 1-0: Ball 2-0: Foul Ball, location: 2F 2-1: Fly out, F8 (Flyball, 8RM, EV 73.1 MPH)
|
Batting: RHB Adam Solesbee
|
0-0: Swinging Strike 0-1: Ball 1-1: Ball 2-1: Called Strike 2-2: Ground out 6-3 (Groundball, 6, EV 105.0 MPH)
|
Top of the 6th over - 0 runs, 0 hits, 0 errors, 0 left on base; San Jose 1 - Pensacola 0 |
BOTTOM OF THE 6TH |
Pensacola Blue Wahoos batting - Pitching for San Jose Giants : RHP Cesar Rivera
|
Batting: RHB Solange Le Coq
|
0-0: Foul Ball, location: 2F 0-1: Foul Ball, location: 2F 0-2: Foul Ball, location: 2F 0-2: Ball 1-2: Strikes out looking
|
Batting: RHB Pedro Pinero
|
0-0: Fly out, F8 (Flyball, 8LD, EV 104.4 MPH)
|
Batting: LHB Steven Wamble
|
0-0: Swinging Strike 0-1: Ball 1-1: Ground out U3 (Groundball, 3, EV 85.6 MPH)
|
Bottom of the 6th over - 0 runs, 0 hits, 0 errors, 0 left on base; San Jose 1 - Pensacola 0 |
TOP OF THE 7TH |
San Jose Giants batting - Pitching for Pensacola Blue Wahoos : RHP Kevin Nabity
|
Batting: LHB James Wheaton
|
0-0: Ball 1-0: Called Strike 1-1: Ball 2-1: Fly out, F8 (Flyball, 8RXD, EV 99.4 MPH)
|
Batting: LHB Tony Galvan
|
0-0: Ball 1-0: Foul Ball, location: 2F 1-1: Ground out 6-3 (Groundball, 6S, EV 93.1 MPH)
|
Batting: RHB Jack Toole
|
0-0: Ground out 6-3 (Groundball, 6S, EV 86.3 MPH)
|
Top of the 7th over - 0 runs, 0 hits, 0 errors, 0 left on base; San Jose 1 - Pensacola 0 |
BOTTOM OF THE 7TH |
Pensacola Blue Wahoos batting - Pitching for San Jose Giants : RHP Cesar Rivera
|
Batting: RHB Jon Marquez
|
0-0: Fly out, F7 (Flyball, 7, EV 86.3 MPH)
|
Batting: SHB Jared Thomas
|
0-0: Swinging Strike 0-1: Ball 1-1: Foul Ball, location: 2F 1-2: Foul Ball, location: 2F 1-2: Ball 2-2: Foul Ball, location: 2F 2-2: Ground out U3 (Groundball, 3L, EV 82.5 MPH)
|
Batting: RHB Danny Powell
|
0-0: DOUBLE (Line Drive, 5D, EV 96.3 MPH)
|
Batting: RHB Chris Holland
|
0-0: Swinging Strike 0-1: Swinging Strike 0-2: Ball 1-2: Strikes out looking
|
Bottom of the 7th over - 0 runs, 1 hit, 0 errors, 1 left on base; San Jose 1 - Pensacola 0 |
TOP OF THE 8TH |
San Jose Giants batting - Pitching for Pensacola Blue Wahoos : RHP Kevin Nabity
|
Batting: RHB Omar Jordan
|
0-0: Ball 1-0: Fly out, F9 (Flyball, 9D, EV 81.9 MPH)
|
Batting: RHB Mike Jones
|
0-0: Ball 1-0: Foul Ball, location: 2F 1-1: SINGLE (Groundball, 56D, EV 94.4 MPH)
|
Pitching: RHP Mario Quezada
|
|
Batting: RHB Tyler Mapes
|
0-0: Fly out, F9 (Flyball, 9, EV 91.3 MPH)
|
Batting: LHB Josh Straub
|
0-0: Ball 1-0: Ball 2-0: Fly out, F4 (Flyball, 34D, EV 90.0 MPH)
|
Top of the 8th over - 0 runs, 1 hit, 0 errors, 1 left on base; San Jose 1 - Pensacola 0 |
BOTTOM OF THE 8TH |
Pensacola Blue Wahoos batting - Pitching for San Jose Giants : RHP Cesar Rivera
|
Batting: RHB Jose Caraballo
|
0-0: Called Strike 0-1: Swinging Strike 0-2: Strikes out swinging
|
Pinch Hitting: RHB Joseph Kirchmann
|
0-0: Ball 1-0: Called Strike 1-1: Foul Ball, location: 2F 1-2: Ball 2-2: Foul Ball, location: 2F 2-2: Fly out, F8 (Flyball, 8LM, EV 81.9 MPH)
|
Batting: RHB Solange Le Coq
|
0-0: Ball 1-0: SOLO HOME RUN (Flyball, 78XD, EV 107.5 MPH), Distance : 415 ft
|
Pitching: LHP Matt Wass
|
|
Batting: RHB Pedro Pinero
|
0-0: Ball 1-0: Called Strike 1-1: Swinging Strike 1-2: Strikes out swinging
|
Bottom of the 8th over - 1 run, 1 hit, 0 errors, 0 left on base; San Jose 1 - Pensacola 1 |
TOP OF THE 9TH |
San Jose Giants batting - Pitching for Pensacola Blue Wahoos : RHP Mario Quezada
|
Now at SS: Chae-seong Lee
|
|
Batting: RHB Tade Post
|
0-0: Ball 1-0: SINGLE (Groundball, 13S, EV 68.8 MPH) (infield hit)
|
Batting: RHB Adam Solesbee
|
0-0: Fly out, F5 (Line Drive, 5, EV 61.3 MPH)
|
Batting: LHB James Wheaton
|
0-0: Ball 1-0: Called Strike 1-1: Swinging Strike 1-2: Ball 2-2: Fielders Choice at 2nd, 6-4 (Groundball, 6, EV 89.4 MPH)
|
Batting: LHB Tony Galvan
|
0-0: Swinging Strike 0-1: SINGLE (Groundball, 4S, EV 70.0 MPH) (infield hit) James Wheaton to second
|
Pinch Runner at 2nd Pat Richardson:
|
|
Batting: RHB Jack Toole
|
0-0: Called Strike 0-1: Called Strike 0-2: Fielders Choice at 2nd, U4 (Groundball, 4M, EV 101.9 MPH)
|
Top of the 9th over - 0 runs, 2 hits, 0 errors, 2 left on base; San Jose 1 - Pensacola 1 |
BOTTOM OF THE 9TH |
Pensacola Blue Wahoos batting - Pitching for San Jose Giants : LHP Matt Wass
|
Now at 1B: Micah McErlean
|
|
Pinch Hitting: RHB Tim Wormell
|
0-0: Foul Ball, location: 2F 0-1: Ball 1-1: Ground out 5-3 (Groundball, 56S, EV 87.5 MPH)
|
Batting: RHB Jon Marquez
|
0-0: Called Strike 0-1: Ball 1-1: Ball 2-1: SINGLE (Groundball, 4MD, EV 96.9 MPH)
|
Batting: SHB Jared Thomas
|
0-0: Ball 1-0: Ball 2-0: Ball 3-0: Called Strike 3-1: Swinging Strike 3-2: Foul Ball, location: 2F 3-2: SINGLE (Groundball, 34, EV 100.0 MPH) Jon Marquez to second Jon Marquez to third
|
Batting: RHB Danny Powell
|
0-0: Ball 1-0: Called Strike Jared Thomas steals 2nd base (no throw) 1-1: Ball 2-1: Called Strike 2-2: Ball 3-2: Foul Ball, location: 2F 3-2: Strikes out swinging
|
Batting: RHB Chris Holland
|
0-0: Ball 1-0: Foul Ball, location: 2F 1-1: Called Strike 1-2: Ball 2-2: Ground out 5-3 (Groundball, 56, EV 102.5 MPH)
|
Bottom of the 9th over - 0 runs, 2 hits, 0 errors, 2 left on base; San Jose 1 - Pensacola 1 |
TOP OF THE 10TH |
San Jose Giants batting - Pitching for Pensacola Blue Wahoos : RHP Mario Quezada
|
Now at 1B: Ernie Noiles
|
|
Batting: RHB Omar Jordan
|
0-0: Called Strike 0-1: Foul Ball, location: 2F 0-2: Ball 1-2: Ball 2-2: DOUBLE (Flyball, 78XD, EV 109.4 MPH)
|
Batting: RHB Mike Jones
|
0-0: DOUBLE (Line Drive, 9LM, EV 97.5 MPH) Omar Jordan scores
|
Batting: RHB Tyler Mapes
|
0-0: Ball 1-0: Called Strike 1-1: Ball 2-1: Foul Ball, location: 2F 2-2: Strikes out swinging
|
Batting: LHB Josh Straub
|
0-0: Ball 1-0: Foul Ball, location: 2F 1-1: Ball 2-1: Called Strike 2-2: Ground out 1-3 (Groundball, 13S, EV 77.5 MPH) Mike Jones to third
|
Batting: RHB Tade Post
|
0-0: Called Strike 0-1: Called Strike 0-2: Ball 1-2: Ball 2-2: Ball 3-2: Foul Ball, location: 2F 3-2: Ground out 6-3 (Groundball, 6S, EV 84.4 MPH)
|
Top of the 10th over - 1 run, 2 hits, 0 errors, 1 left on base; San Jose 2 - Pensacola 1 |
BOTTOM OF THE 10TH |
Pensacola Blue Wahoos batting - Pitching for San Jose Giants : LHP Matt Wass
|
Batting: RHB Jose Caraballo
|
0-0: Ball 1-0: Fly out, F7 (Flyball, 7, EV 90.6 MPH)
|
Pinch Hitting: LHB Andy Schumacher
|
0-0: Ball 1-0: Foul Ball, location: 2F 1-1: Called Strike 1-2: Strikes out swinging
|
Batting: RHB Solange Le Coq
|
0-0: Foul Ball, location: 2F 0-1: Ball 1-1: Called Strike 1-2: Ball 2-2: Ground out 4-3 (Groundball, 4S, EV 80.0 MPH)
|
Bottom of the 10th over - 0 runs, 0 hits, 0 errors, 0 left on base; San Jose 2 - Pensacola 1 |
|